 Dungeon Crawl Stone Soup version 0.27-a0-978-g2aa4ecdaef (webtiles) character file.

Game seed: 1439881162366117622

9796 sizableburger the Thaumaturge (level 11, -2/75 (79) HPs)
             Began as a Mummy Ice Elementalist on Apr 14, 2021.
             Was an Elder of Ru.
             Slain by an ice devil (10 damage)
             ... on level 1 of the Lair of Beasts.
             The game lasted 00:57:48 (15215 turns).

sizableburger the Thaumaturge (MuIE)               Turns: 15215, Time: 00:57:48

HP:   -2/75 (79)    AC: 15    Str: 11    XL:     11   Next: 27%
MP:   1/24          EV: 11    Int: 18    God:    Ru [****..]
Gold: 499           SH:  0    Dex: 17    Spells: 12/28 levels left

rFire    x . .     SeeInvis .   q - +1 flail (flame)
rCold    + . .     Faith    .   (shield unavailable)
rNeg     + + +     Spirit   .   z - +3 ring mail
rPois    ∞         Reflect  .   (no helmet)
rElec    .         Harm     .   (no cloak)
rCorr    .         Rampage  .   (no gloves)
Will     ++...                  g - +2 pair of boots "Giriuqeu" {rPois Dex+4 Stlth+}
Stlth    ++........             p - amulet of the acrobat
HPRegen  0.22/turn              (ring unavailable)
MPRegen  0.19/turn              k - ring of willpower

@: exhausted, ice-armoured, overwhelmed with horror, freezing walls, studying
Armour, drained
A: cold resistance 1, negative energy resistance 3, torment resistance 2,
unbreathing 1, heat vulnerability 1, missing a hand, cowardly, no potions
a: Renounce Religion, Draw Out Power, Power Leap


You were on level 1 of the Lair of Beasts.
You worshipped Ru.
Ru was greatly pleased with you.
You visited 3 branches of the dungeon, and saw 12 of its levels.

You collected 522 gold pieces.
You spent 23 gold pieces at shops.

Inventory:

Hand Weapons
 q - a +1 flail of flaming (weapon)
Missiles
 b - 34 poisoned darts (quivered)
 j - 4 boomerangs
 l - 5 boomerangs of dispersal
 u - 3 atropa-tipped darts
 C - 3 curare-tipped darts
Armour
 a - a +0 robe
 g - the +2 pair of boots "Giriuqeu" (worn) {rPois Dex+4 Stlth+}
   (You found it on level 7 of the Dungeon)

   It affects your dexterity (+4).
   It protects you from poison.
   It makes you more stealthy.
 t - a +0 leather armour
 z - a +3 ring mail (worn)
 A - a +0 scale mail
Jewellery
 k - a ring of willpower (right hand)
 p - an amulet of the acrobat (around neck)
 w - a ring of protection from fire
 B - a +6 ring of intelligence
Wands
 h - a wand of iceblast (5)
 y - a wand of charming (7)
Scrolls
 c - a scroll of vulnerability
 f - 2 scrolls of noise
 n - 3 scrolls of immolation
 r - 2 scrolls of silence


   Skills:
 - Level 5.0 Fighting
 + Level 5.7 Maces & Flails
 - Level 3.0 Throwing
 - Level 7.5 Armour
 + Level 2.3 Dodging
 - Level 1.5 Stealth
 - Level 9.0 Spellcasting
 + Level 5.5 Conjurations
 + Level 5.6 Hexes
 - Level 6.0 Ice Magic
 + Level 1.8 Evocations


You had 12 spell levels left.
You knew the following spells:

 Your Spells              Type           Power      Damage    Failure   Level
a - Freeze                Ice            52%        1d7       1%          1
b - Frozen Ramparts       Ice            26%        1d4       4%          3
c - Ozocubu's Armour      Ice            13%        N/A       4%          3
d - Hailstorm             Conj/Ice       13%        3d5       17%         4
e - Metabolic Englaciati  Hex/Ice        6%         N/A       43%         5

Your spell library contained the following spells:

 Spells                   Type           Power      Damage    Failure   Level
 Corona                   Hex            14%        N/A       1%          1
 Dazzling Flash           Conj/Hex       24%        N/A       5%          3
 Animate Skeleton         Necr           6%         N/A       19%         1
 Pain                     Necr           12%        1d4       19%         1
 Sting                    Tmut/Pois      12%        1d3       19%         1
 Vampiric Draining        Necr           1%         2d6       50%         3
 Yara's Violent Unravell  Hex/Tmut       4%         3d4       85%         5
 Animate Dead             Necr           1%         N/A       88%         4
 Agony                    Necr           3%         N/A       99%         5
 Alistair's Intoxication  Tmut/Pois      2%         N/A       99%         5
 Ice Form                 Ice/Tmut       Unusable   N/A       N/A         4

Dungeon Overview and Level Annotations

Branches:
Dungeon (10/15)            Temple (1/1) D:5            Lair (1/6) D:9
    Orc (0/2) D:9

Altars:
Ashenzari
Cheibriados
Dithmenos
Elyvilon
Fedhas
Gozag
Hepliaklqana
Kikubaaqudgha
Makhleb
Nemelex Xobeh
Okawaru
Qazlal
Ru
Sif Muna
Trog
Uskayaw
Vehumet
Wu Jian
Xom
Yredelemnul
Zin
The Shining One

Shops:
D:9 ([


Innate Abilities, Weirdness & Mutations

You are immune to poison.
Your flesh is cold resistant. (rC+)
You are immune to negative energy. (rN+++)
You are immune to unholy pain and torment.
You can survive without breathing.
You are vulnerable to heat. (rF-)
You are missing a hand.
Your cowardice makes you less effective in combat with threatening monsters.
You do not drink.


Message History

Press: ? - help, Dir - look around, f - activate The walls around you are covered in ice.
The wall freezes the yak.
The yak gores you.
The wall freezes the yak.
The yak closely misses you.
The wall freezes the yak.
The yak gores you.
The ice devil completely resists.
The wall freezes the ice devil but does no damage.
The ice devil hits you.
* * * LOW HITPOINT WARNING * * *
The ice devil freezes you. You resist.
* * * LOW HITPOINT WARNING * * *
The ice devil completely resists.
The wall freezes the ice devil but does no damage.
The wall freezes the yak.
Casting: Frozen Ramparts (dangerous; 4% risk of failure)
Confirm with . or Enter, or press ? or * to list all spells.
A film of ice covers your body!
The wall freezes the yak.
The yak is stunned by your conviction and fails to attack.
The wall freezes the yak.
The yak gores you.
* * * LOW HITPOINT WARNING * * *
The wall freezes the yak.
The yak gores you but does no damage.
The ice devil completely resists.
The wall freezes the ice devil but does no damage.
The ice devil hits you but does no damage.
The ice devil completely resists.
The wall freezes the ice devil but does no damage.
The wall freezes the yak.
The basilisk begins to attack, but is stunned by your conviction!
Monsters!
Monsters everywhere!
You have to get out of here!
You're too exhausted to draw out your power.
You're too exhausted to draw out your power.
As you read the scroll of fog, it crumbles to dust.
The scroll dissolves into smoke.
The wall freezes the yak.
The yak gores you but does no damage.
The wall freezes the yak.
The yak gores you.
* * * LOW HITPOINT WARNING * * *
The wall freezes the yak.
The yak gores you but does no damage.
The ice devil completely resists.
The wall freezes the ice devil but does no damage.
The ice devil hits you!
You die...

..............
.....####.#. ....#....4#.
### . ........#. # #'##
..#.....#. #..###†.#
#.....#. #....§§§#
#.....#....l#. #...##4Y#
#...........#. #.(..4Y@#
#.....P....... #...###Y##
#.....#.....#. ##..
#Y####.....#.......
#...##l##.#.....####+##.
#....lY.................
#........................
##.......................
#.#####.##.##...........
# ##.#.##...##.###


You could see 2 ice devils and 4 yaks.

Vanquished Creatures
  The ghost of Demosthentine the Spear-Bearer, a novice MfGl of the Shining One (D:5)
  Pikel (D:5)
  3 cane toads
  A komodo dragon (Lair:1)
  A troll (D:9)
  2 hornets
  The ghost of ardl the Cudgeller, an amateur KoGl of Gozag (D:5)
  3 wyverns
  13 yaks
  A steam dragon (D:9)
  2 basilisks (Lair:1)
  4 water moccasins
  4 orc warriors
  2 sky beasts
  A black bear (D:5)
  A hornet zombie (D:7)
  A necrophage (D:6)
  2 centaurs
  3 wolves (Lair:1)
  A phantom (D:4)
  A kobold brigand (D:6)
  A gnoll sergeant (D:6)
  6 bullfrogs
  6 scorpions
  A wyvern skeleton (D:7)
  2 jellies
  5 killer bees (D:9)
  3 wights (D:8)
  3 howler monkeys
  2 centaur zombies
  4 bullfrog zombies
  2 hounds
  2 gnoll shamans
  5 orc priests
  2 bullfrog skeletons
  A centaur skeleton (D:6)
  5 iguanas
  8 orc wizards
  A killer bee zombie (D:8)
  3 hound skeletons
  A howler monkey zombie (D:9)
  4 adders
  10 gnolls
  2 white imps
  3 ufetubi
  2 adder skeletons
  5 worms
  A dart slug (D:2)
  26 orcs
  2 endoplasms
  4 giant cockroaches
  6 goblins
  12 hobgoblins
  7 jackals
  2 quokkas
  8 ball pythons
  6 bats
  4 frilled lizards
  6 kobolds
  5 rats
227 creatures vanquished.

Vanquished Creatures (others)
  A killer bee (D:9)
  2 fungi (Lair:1)
  3 plants (Lair:1)
  6 withered plants (D:5)
12 creatures vanquished.

Grand Total: 239 creatures vanquished

Notes
Turn   | Place    | Note
-------+----------+-------------------------------------------
     0 | D:1      | sizableburger the Mummy Ice Elementalist began the quest
                  | for the Orb.
     0 | D:1      | Reached XP level 1. HP: 13/13 MP: 4/4
   105 | D:1      | Reached skill level 3 in Spellcasting
   158 | D:1      | Reached XP level 2. HP: 20/20 MP: 4/6
   279 | D:1      | Reached skill level 1 in Fighting
  1129 | D:2      | Noticed a scorpion
  1214 | D:2      | Killed a scorpion
  1215 | D:2      | Reached skill level 1 in Maces & Flails
  1215 | D:2      | Reached XP level 3. HP: 11/27 MP: 0/8
  1215 | D:2      | Reached XP level 4. HP: 14/33 MP: 0/9
  1445 | D:2      | Learned a level 3 spell: Frozen Ramparts
  1449 | D:2      | Learned a level 3 spell: Ozocubu's Armour
  1688 | D:2      | Found a faded altar of an unknown god.
  3003 | D:3      | Noticed a sky beast
  3027 | D:3      | Reached skill level 4 in Spellcasting
  3027 | D:3      | Reached XP level 5. HP: 38/38 MP: 1/11
  4031 | D:4      | Reached XP level 6. HP: 39/46 MP: 6/12
  4238 | D:4      | Learned a level 4 spell: Hailstorm
  4854 | D:4      | Reached skill level 1 in Armour
  5152 | D:5      | Entered Level 5 of the Dungeon
  5208 | D:5      | Reached skill level 1 in Conjurations
  5292 | D:5      | Found a staircase to the Ecumenical Temple.
  5298 | Temple   | Entered the Ecumenical Temple
  5519 | Temple   | Became a worshipper of Ru the Awakened
  5873 | D:5      | Reached skill level 5 in Spellcasting
  5919 | D:5      | Noticed a sky beast
  5926 | D:5      | Killed a sky beast
  5927 | D:5      | Reached XP level 7. HP: 44/51 MP: 8/14
  6175 | D:5      | Noticed Pikel
  6187 | D:5      | Killed Pikel
  6188 | D:5      | Reached skill level 6 in Spellcasting
  6188 | D:5      | Reached XP level 8. HP: 25/57 MP: 0/17
  6424 | D:5      | Found a runed translucent gate.
  6424 | D:5      | Found a runed translucent gate.
  6426 | D:5      | Found a runed translucent gate.
  6428 | D:5      | Noticed ardl's ghost (amateur KoGl)
  6428 | D:5      | Noticed Demosthentine's ghost (novice MfGl)
  6685 | D:5      | Reached skill level 1 in Throwing
  7107 | D:5      | Reached skill level 7 in Spellcasting
  7445 | D:5      | Killed ardl's ghost
  7451 | D:5      | Killed Demosthentine's ghost
  7452 | D:5      | Reached XP level 9. HP: 25/62 MP: 9/20
  7698 | D:6      | Learned a level 5 spell: Metabolic Englaciation
  7856 | D:6      | Reached skill level 5 in Maces & Flails
  8138 | D:4      | Reached skill level 8 in Spellcasting
  8138 | D:4      | Reached skill level 1 in Hexes
  8558 | D:6      | Gained mutation: You are missing a hand. [Ru sacrifice]
  8558 | D:6      | Reached * piety under Ru
  8558 | D:6      | Reached ** piety under Ru
  8558 | D:6      | Reached *** piety under Ru
  8955 | D:6      | You fall into a shaft and drop 2 floors!
  8969 | D:8      | Reached skill level 5 in Ice Magic
  9570 | D:7      | Reached skill level 5 in Armour
  9764 | D:7      | Identified the +2 pair of boots "Giriuqeu" {rPois Dex+4
                  | Stlth+}
 10381 | D:7      | Reached XP level 10. HP: 23/71 MP: 15/22
 12707 | D:9      | Found a staircase to the Lair.
 12707 | D:9      | Noticed a death yak
 12707 | D:9      | Noticed a death yak
 12707 | D:9      | Noticed a death yak
 12990 | D:9      | Identified the ring "Kalehec" {Fly rF- Dex+4}
 13272 | D:9      | Found Sad Coff's Weapon Shoppe.
 13272 | D:9      | Found a staircase to the Orcish Mines.
 13272 | D:9      | Found Ajor's Armour Shoppe.
 13608 | D:9      | Gained mutation: Your cowardice makes you less effective in
                  | combat with threatening monsters. [Ru sacrifice]
 13608 | D:9      | Reached **** piety under Ru
 13643 | D:9      | Bought 3 curare-tipped darts for 23 gold pieces
 13667 | D:9      | Reached skill level 5 in Hexes
 13670 | D:9      | Reached skill level 5 in Conjurations
 13846 | D:9      | Reached skill level 9 in Spellcasting
 14128 | D:10     | Entered Level 10 of the Dungeon
 14469 | Lair:1   | Entered Level 1 of the Lair of Beasts
 14474 | Lair:1   | Noticed a cane toad
 14490 | D:9      | Killed a cane toad
 14491 | D:9      | Reached XP level 11. HP: 38/78 MP: 12/24
 14996 | Lair:1   | Reached skill level 1 in Evocations
 15003 | Lair:1   | Reached skill level 5 in Fighting
 15025 | Lair:1   | Identified the Volume of Execration and Transmigration
 15095 | Lair:1   | Found a frozen archway.
 15215 | Lair:1   | Slain by an ice devil

Illustrated notes

Levels and vault maps discovered:
D:1:      amcnicky_arrival_abandoned_market, layout_basic, st_stairs_9
D:2:      layout_basic, shapermc_ecumenical_altar_mp_vishouse,
          chequers_serial_rivers_micro_d, kennysheep_generic_room_7
D:3:      layout_basic, serial_bayou_pond_c, minmay_unequal
D:4:      layout_layer_cave, lemuel_round_altar, chequers_decorated_corner,
          st_stairs_10, minmay_manual_mail
D:5:      layout_loops_corners, minmay_temple_entry_nine_rooms,
          gammafunk_ghost_cemetery, hangedman_decor_riveting, uniq_pikel
D:6:      layout_basic, minmay_tree_intersection, kennysheep_generic_room_11
D:7:      layout_layer_cave
D:8:      layout_rooms
D:9:      minmay_four_partial_circles, layout_cave_pods, dpeg_lair_monsters,
          orc_david_3, st_stairs_5
D:10:     layout_stronghold, serial_shops, shop, uniq_grum, uniq_snorg,
          uniq_fannar
Temple:   roderic_octagonal_lattice_temple
Lair:1:   layout_regular_city, portal_ice_cave_demonic_guard,
          chequers_serial_rivers_micro_a

Skill      XL: |  1  2  3  4  5  6  7  8  9 10 11 |
---------------+----------------------------------+-----
Spellcasting   | 3 4 5 6 7 8 9 |  9.0
Fighting       | 1 2 3 4 5 |  5.0
Maces & Flails | 1 2 3 4 5 |  5.7
Ice Magic      | 4 5 6 |  6.0
Armour         | 2 4 5 7 |  7.5
Conjurations   | 1 2 4 5 |  5.5
Throwing       | 2 3 |  3.0
Hexes          | 3 5 |  5.6
Evocations     | 1 |  1.8
Dodging        | 2 |  2.3
Stealth        | |  1.5

Action                   |  1- 3 |  4- 6 |  7- 9 | 10-12 || total
-------------------------+-------+-------+-------+-------++-------
Melee: Unarmed           |     4 |       |       |       ||     4
       Club              |     4 |    38 |       |       ||    42
       Whip              |       |    27 |    63 |       ||    90
       Mace              |       |    56 |       |       ||    56
       Flail             |       |    14 |   115 |   104 ||   233
Throw: Dart              |       |     3 |    21 |    31 ||    55
 Cast: Freeze            |    42 |    31 |     9 |    66 ||   148
       Frozen Ramparts   |       |    23 |    32 |    41 ||    96
       Ozocubu's Armour  |       |    20 |    28 |    29 ||    77
       Hailstorm         |       |       |     5 |    10 ||    15
Invok: Sacrifice a Hand  |       |       |     1 |       ||     1
       Power Leap        |       |       |       |     2 ||     2
       Sacrifice Courage |       |       |       |     1 ||     1
       Draw Out Power    |       |       |       |     2 ||     2
Evoke: Wand              |       |       |     3 |     1 ||     4
  Use: Scroll            |       |     6 |     6 |    13 ||    25
 Stab: Invisible         |       |       |     1 |     3 ||     4
       Distracted        |       |       |     1 |       ||     1
Armor: Robe              |     9 |    51 |    41 |       ||   101
       Leather armour    |       |       |    28 |    13 ||    41
       Ring mail         |       |       |       |    82 ||    82
Dodge: Dodged            |    26 |    98 |   134 |   118 ||   376

Table legend: (Time is in decaauts)
 A = Elapsed time spent in this place.
 B = Non-inter-level travel time spent in this place.
 C = Inter-level travel time spent in this place.
 D = Time resting spent in this place.
 E = Time spent auto-exploring this place.
 F = Levels seen in this place.
 G = Mean time per level.
                   A        B        C        D        E       F      G
               +--------+--------+--------+--------+--------+-----+--------+
         Total |  15269 |  13849 |   1420 |   3836 |   7474 |  12 | 1272.4 |
       Dungeon |  14463 |  13105 |   1358 |   3633 |   7138 |  10 | 1446.3 |
        Temple |    244 |    187 |     57 |      0 |    185 |   1 |  244.0 |
          Lair |    561 |    556 |      5 |    203 |    151 |   1 |  561.0 |
               +--------+--------+--------+--------+--------+-----+--------+

Top non-repeatable levels by time:
     D:5: 2429 daAuts
     D:9: 2120 daAuts
     D:4: 1785 daAuts
     D:2: 1604 daAuts
     D:6: 1581 daAuts
     D:7: 1534 daAuts
     D:8: 1251 daAuts
     D:1: 1130 daAuts
     D:3: 865 daAuts
  Lair:1: 561 daAuts
  Temple: 244 daAuts
    D:10: 161 daAuts
